Map: 16-Bit LE

Players

MrWolf - Winner!

  • Race: Zerg Zerg
  • League: Platinum
  • Spawn Location: 1:00

K.I.-1 (Sehr leicht)

  • Race: Terran Terran
  • Spawn Location: 7:00

VOD

Have the link to the VOD?

Description

Time

  • Played on: July 8, 2018, 12:34 p.m.
  • Length: 3:36
Show
View Real Time Build Order
Export as new Build Order

MrWolf Zerg - Winner!

Build Orders: Pool Only 

Get SALT Encoding   

  12  0:03  Drone  
  13  0:22  Spawning Pool  
  13  0:26  Drone  
  13  0:30  Drone  
  13  0:34  Extractor  
  13  0:38  Drone  
  14  0:46  Overlord  
  14  1:10  Zergling x6  
  17  1:12  Queen  
  19  1:24  Zergling x2  
  20  1:33  Overlord  
  20  1:38  Metabolic Boost  
  20  1:44  Zergling x2  
  21  1:54  Zergling x2  
  22  2:05  Baneling Nest  
  22  2:15  Zergling x2  
  22  2:16  Zergling x2  
  24  2:22  Zergling x2  
  24  2:23  Zergling x4  
  22  2:39  Zergling x2  
  22  2:40  Zergling x2  
  24  2:50  Baneling  
  24  2:51  Baneling  
  24  2:54  Baneling x2  
  24  2:58  Zergling x2  
  24  2:59  Zergling x6  
Show
View Real Time Build Order
Export as new Build Order

K.I.-1 (Sehr leicht) Terran 

Build Orders:  

Get SALT Encoding   

  12  0:00  SCV  
  13  0:13  SCV  
  14  0:19  Supply Depot  
  14  0:37  Refinery  
  14  0:47  Barracks  
  14  1:05  Supply Depot  
  14  1:12  Refinery  
  14  1:34  Orbital Command, Marine  
  15  1:53  Barracks Tech Lab  
  15  1:59  SCV  
  16  2:11  SCV, Marine  
  13  2:23  SCV  
  11  2:36  SCV  
  10  2:48  SCV  
  11  2:55  Marine  
  12  3:00  SCV  
  13  3:12  SCV  
Tags
 
League
Platinum
Matchup
TvZ
Opening
Pool Only
Spawn Locations
Cross Positions
Add a new tag
Caveats
  • Supply blocks, unpowered buildings, or Contaminate may cause inaccurate times.
  • Supply counts are checked every 10 seconds.